 Dungeon Crawl Stone Soup version 0.26-a0-976-gd3b5134375 (webtiles) character file.

Game seed: 18403217803771997569

0 Descartes the Sneak (level 1, -3/10 HPs)
             Began as a Felid Delver on Dec 5, 2020.
             Slain by a worker ant zombie (4 damage)
             ... on level 5 of the Dungeon.
             The game lasted 00:00:49 (58 turns).

Descartes the Sneak (Felid Delver)                    Turns: 58, Time: 00:00:50

Health: -3/10      AC:  1    Str:  8    XL:     1   Next: 8%
Magic:  2/2        EV: 18    Int: 11    God:
Gold:   0          SH:  0    Dex: 17    Spells: 0/0 levels left
                                        Lives:  0   Deaths: 0

rFire    . . .     SeeInvis +     - Unarmed
rCold    . . .     Faith    .   (shield unavailable)
rNeg     . . .     Spirit   .   (armour unavailable)
rPois    .         Reflect  .   (helmet unavailable)
rElec    .         Harm     .   (cloak unavailable)
rCorr    .         Rampage  .   (gloves unavailable)
MR       .....                  (boots unavailable)
Stlth    ++++......             (no amulet)
HPRegen  0.03/turn              (no ring)
MPRegen  0.08/turn              (no ring)

@: quick
A: very small, no armour, no weapons or thrown items, stealth, claws 1, fangs 3,
see invisible, speed 1, shaggy fur 1, sharp paws
a: no special abilities


You were on level 5 of the Dungeon.
You visited 1 branch of the dungeon, and saw 1 of its levels.

Inventory:

Wands
 e - a wand of digging (3)
Scrolls
 a - a scroll of fog
 b - a scroll of magic mapping
 c - a scroll of fear
 f - a scroll of remove curse {unknown}
Potions
 d - a potion of haste


   Skills:
 - Level 3.0 Fighting
 - Level 2.6 Dodging
 + Level 6.6 Stealth
 - Level 2.0 Unarmed Combat


You couldn't memorise any spells.
You didn't know any spells.
Your spell library was empty.

Dungeon Overview and Level Annotations

Branches:
Dungeon (5/15)
 Temple: D:4-7

Altars:
Kikubaaqudgha


Innate Abilities, Weirdness & Mutations

You cannot wear armour.
You are incapable of wielding weapons or throwing items.
Your paws allow you to move quietly. (Stealth)
You have sharp claws.
You have razor-sharp teeth.
You have supernaturally acute eyesight. (SInv)
You cover ground quickly.
You are covered in fur. (AC +1)
Your sharp claws are effective at attacking unaware monsters.


Message History

You pounce on the unaware helpless ball python!
You mangle the ball python!!
You kill the ball python!
Found a hand axe and a scroll labelled CYHUTEIMNON.
You pounce on the unaware helpless worker ant zombie!
You mangle the worker ant zombie!! You bite the worker ant zombie.
The worker ant zombie is severely damaged.
The worker ant zombie bites you.
You barely miss the worker ant zombie.
The worker ant zombie is severely damaged.
The worker ant zombie misses you.
You scratch the worker ant zombie.
The worker ant zombie is almost destroyed.
The worker ant zombie bites you.
Ouch! That really hurt!
* * * LOW HITPOINT WARNING * * *
You scratch the worker ant zombie.
The worker ant zombie is almost destroyed.
The worker ant zombie bites you.
You die...

.. ... #. ##......P#
... ### ...#
#......##.._. #
...####.......#....
#..?##.....P....). .
#.....##...PP..#. ...
#..####..P....#
....####..####..†##....
#...Z.....##..## ##.
#...<@.......#..#
#..##....#.###### #.
#.....#.. #...####....
....#. ....). ........
.##### .#...##.. .#
###. .## ##


You could see a worker ant zombie.

Vanquished Creatures
  A ball python (D:5)
1 creature vanquished.

Notes
Turn   | Place    | Note
-------+----------+-------------------------------------------
     0 | D:5      | Descartes the Felid Delver began the quest for the Orb.
     0 | D:5      | Reached XP level 1. HP: 10/10 MP: 2/2
    42 | D:5      | Found an ancient bone altar of Kikubaaqudgha.
    58 | D:5      | Slain by a worker ant zombie

Illustrated notes

Levels and vault maps discovered:
D:5:      lemuel_ratsnest, layout_layer_cave, lemuel_crystal_altar,
          kiku_gazebo_garden_becter, okawaru_altar_gauntlet_db,
          nrook_pool_corridor, serial_bayou_pond_c

Action                   || total
-------------------------++-------
Melee: Unarmed           ||     5
       Bite              ||     1
 Stab: Sleeping          ||     2
Dodge: Dodged            ||     1

Table legend: (Time is in decaauts)
 A = Elapsed time spent in this place.
 B = Non-inter-level travel time spent in this place.
 C = Inter-level travel time spent in this place.
 D = Time resting spent in this place.
 E = Time spent auto-exploring this place.
 F = Levels seen in this place.
 G = Mean time per level.
                   A        B        C        D        E       F      G
               +--------+--------+--------+--------+--------+-----+--------+
         Total |     47 |     46 |      1 |      0 |     28 |   1 |   47.0 |
       Dungeon |     47 |     46 |      1 |      0 |     28 |   1 |   47.0 |
               +--------+--------+--------+--------+--------+-----+--------+

Top non-repeatable levels by time:
     D:5: 47 daAuts
